 Dungeon Sprint DCSS version 0.30-a0-469-g84de5afbc5 (webtiles) character file.

Game seed: 16169373621032859794

6800000 NinjaNoafa the Conqueror (level 23, -2/219 HPs)
             Began as a Demonspawn Fighter on Dec 19, 2022.
             Was the Champion of Makhleb.
             Slain by a meat beast (14 damage)
             ... in the Dungeon (Sprint VIII: "Arena of Blood").
             The game lasted 00:01:56 (68 turns).

NinjaNoafa the Conqueror (Demonspawn Fighter)         Turns: 68, Time: 00:01:56

Health: -2/219     AC: 17    Str: 17    XL:     23   Next: 92%
Magic:  0/43       EV: 22    Int: 10    God:    Makhleb [******]
Gold:   0          SH:  0    Dex: 23    Spells: 54/54 levels left

rFire   . . .      SeeInvis .    k - +∞ Axe of Woe
rCold   . . .      Faith    .    (shield currently unavailable)
rNeg    . . .      Spirit   +    b - +0 scale mail
rPois   .          Reflect  .    (no helmet)
rElec   .          Harm     .    (cloak unavailable)
rCorr   +          Rampage  .    (no gloves)
Will    ++...      NoTele   +    (no boots)
Stlth   ++++++....               (no amulet)
HPRegen 0.56/turn                (no ring)
MPRegen 0.56/turn                (no ring)

@: slowed, very slow
A: yellow scales 3, ignite blood 3, magic shield, magic regeneration, magic
link, demonic willpower, weakness stinger 3
a: Renounce Religion, Minor Destruction, Lesser Servant of Makhleb, Major
Destruction, Greater Servant of Makhleb


You were in the Dungeon.
You worshipped Makhleb.
Makhleb was exalted by your worship.
You visited 1 branch

Inventory:

Hand Weapons
 a - a +0 war axe
 k - the +∞ Axe of Woe (weapon)
   (You found it in the Dungeon)
Armour
 b - a +0 scale mail (worn)
 c - a +0 buckler
Potions
 d - a potion of might
 e - a potion of curing
 h - 2 potions of magic


   Skills:
 O Level 27 Fighting
 + Level 16.3(19.0) Short Blades
 + Level 16.3(19.0) Long Blades
 O Level 27 Axes
 + Level 16.3(25.1) Maces & Flails
 + Level 16.3(25.1) Polearms
 + Level 16.3(21.2) Staves
 + Level 16.3 Ranged Weapons
 + Level 16.3 Throwing
 O Level 27 Armour
 + Level 16.3 Dodging
 + Level 17.6 Stealth
 O Level 27 Shields
 + Level 16.3 Unarmed Combat
 + Level 16.3 Spellcasting
 + Level 19.5 Conjurations
 + Level 17.6 Hexes
 + Level 17.6 Summonings
 + Level 19.1 Necromancy
 + Level 16.3 Translocations
 + Level 18.0 Transmutations
 + Level 18.0 Fire Magic
 + Level 18.1 Ice Magic
 + Level 18.0 Air Magic
 + Level 18.1 Earth Magic
 + Level 19.5 Poison Magic
 O Level 27 Invocations
 + Level 19.5 Evocations


You had 54 spell levels left.
You didn't know any spells.
Your spell library was empty.

Dungeon Overview and Level Annotations

Branches:
Dungeon (1/1)

Altars:
Makhleb


Innate Abilities, Weirdness & Mutations

You are completely covered in yellow scales. (AC +4, rCorr)
Your demonic aura causes all spilled blood to erupt in flames.
When hurt, damage is shared between your health and your magic reserves.
You regenerate magic rapidly.
When low on magic, you restore magic in place of health.
You punish those that try to bend your will. (Will+)
You have a sharp stinger which inflicts weakening toxins.


Message History

Your body is wracked with pain!
* * * LOW HITPOINT WARNING * * *
You hear a shout! x4
The dread is engulfed in blazing flames.
The dread calls on the powers of darkness!
Your body is wracked with pain!
* * * LOW HITPOINT WARNING * * *
You hear a shout! x5
Your base Short Blades skill increases to level 16!
Your base Long Blades skill increases to level 16!
Your base Maces & Flails skill increases to level 16!
Your base Polearms skill increases to level 16!
Your base Staves skill increases to level 16!
Your Ranged Weapons skill increases to level 16!
Your Throwing skill increases to level 16!
Your Dodging skill increases to level 16!
Your Unarmed Combat skill increases to level 16!
Your Spellcasting skill increases to level 16!
Your Necromancy skill increases to level 19!
Your Translocations skill increases to level 16!
Your Transmutations skill increases to level 18!
Your Fire Magic skill increases to level 18!
Your Ice Magic skill increases to level 18!
Your Air Magic skill increases to level 18!
Your Earth Magic skill increases to level 18!
You aren't carrying any scrolls.
Unknown command.
Okay, then.
A bag of meat comes into view. It is wielding a +9 war axe.
You hear a shout! x3
The meat beast bites you.
* * * LOW HITPOINT WARNING * * *
The meat beast completely misses you.
The dread calls on the powers of darkness!
Your body is wracked with pain!
* * * LOW HITPOINT WARNING * * *
A bag of meat comes into view. It is wielding a +9 war axe.
You hear a shout! x4
The meat beast closely misses you. The meat beast tramples you!
You die...

..........
...........
...........
o...o.... #O...o..#
.#.. #.......# .
....o###))o....###.○
........))###°.§§...
..#...)))))@)W°)°§..
#.......#..2)☼#§.§.☼
........#_.§)_# ...
#.......#.....# .
..#.....§.._..W...
..........###......
....###... ..###. .
#... ..# #.. ..#


You could see a meat beast (fast), 2 dreads and a bag of meat (wandering).

Vanquished Creatures
  4 royal mummies (D)
  A wraith (D)
  Harold (D)
  4 vampire knights (D)
  17 ogres (D)
  A lich (D)
  30 orcs (D)
  3 skeletal warriors (D)
61 creatures vanquished.

Vanquished Creatures (others)
  2 ogres (D)
  2 two-headed ogres (D)
  A hydra (D)
  2 orcs (D)
7 creatures vanquished.

Grand Total: 68 creatures vanquished

Notes
Turn   | Place    | Note
-------+----------+-------------------------------------------
     0 | D        | Found the +∞ Axe of Woe
     0 | D        | NinjaNoafa the Demonspawn Fighter began the quest for the
                  | Orb.
     0 | D        | Reached XP level 1. HP: 18/18 MP: 1/1
     1 | D        | Noticed a bag of meat
     1 | D        | Noticed a bag of meat
     1 | D        | Noticed a bag of meat
     1 | D        | Noticed a bag of meat
     2 | D        | Noticed a bag of meat
     3 | D        | Noticed a bag of meat
     3 | D        | Noticed a bag of meat
     7 | D        | Noticed a bag of meat
     7 | D        | Noticed a bag of meat
     7 | D        | Noticed a bag of meat
     8 | D        | Noticed a meat berserker
    10 | D        | Noticed a bag of meat
    11 | D        | Killed a bag of meat
    11 | D        | Killed a bag of meat
    11 | D        | Killed a bag of meat
    11 | D        | Noticed a meat berserker
    11 | D        | Noticed a bag of meat
    11 | D        | Noticed a bag of meat
    12 | D        | Reached skill level 15 in Axes
    12 | D        | Reached skill level 15 in Armour
    12 | D        | Reached skill level 15 in Shields
    12 | D        | Gained mutation: You are partially covered in yellow
                  | scales. (AC +2) [demonic ancestry]
    12 | D        | Reached XP level 2. HP: 20/46 MP: 2/2
    12 | D        | Gained mutation: You are mostly covered in yellow scales.
                  | (AC +3) [demonic ancestry]
    12 | D        | Reached XP level 3. HP: 23/52 MP: 3/3
    12 | D        | Gained mutation: Your demonic aura sometimes causes spilled
                  | blood to erupt in flames. [demonic ancestry]
    12 | D        | Reached XP level 4. HP: 26/59 MP: 4/4
    12 | D        | Gained mutation: You regenerate magic rapidly. [demonic
                  | ancestry]
    12 | D        | Reached XP level 5. HP: 29/65 MP: 5/5
    12 | D        | Reached XP level 6. HP: 32/73 MP: 6/6
    12 | D        | Gained mutation: You are completely covered in yellow
                  | scales. (AC +4, rCorr) [demonic ancestry]
    12 | D        | Reached XP level 7. HP: 35/79 MP: 7/7
    12 | D        | Gained mutation: You have a small tail. [demonic ancestry]
    12 | D        | Reached XP level 8. HP: 38/86 MP: 8/8
    12 | D        | Gained mutation: Your demonic aura often causes spilled
                  | blood to erupt in flames. [demonic ancestry]
    12 | D        | Reached XP level 9. HP: 41/92 MP: 9/9
    12 | D        | Gained mutation: Your demonic aura causes all spilled blood
                  | to erupt in flames. [demonic ancestry]
    12 | D        | Reached XP level 10. HP: 44/99 MP: 10/10
    12 | D        | Reached XP level 11. HP: 47/106 MP: 11/11
    12 | D        | Reached XP level 12. HP: 50/113 MP: 12/12
    12 | D        | Killed a meat berserker
    12 | D        | Killed a bag of meat
    12 | D        | Killed a bag of meat
    12 | D        | Noticed a bag of meat
    13 | D        | Gained mutation: You have a tail ending in a sharp stinger.
                  | [demonic ancestry]
    13 | D        | Reached XP level 13. HP: 57/127 MP: 13/13
    13 | D        | Gained mutation: When hurt, damage is shared between your
                  | health and your magic reserves. [demonic ancestry]
    13 | D        | Reached XP level 14. HP: 61/135 MP: 14/14
    13 | D        | Killed a bag of meat
    14 | D        | Noticed a bag of meat
    14 | D        | Noticed a bag of meat
    15 | D        | Killed a bag of meat
    15 | D        | Killed a bag of meat
    15 | D        | Killed a bag of meat
    16 | D        | Reached XP level 15. HP: 67/147 MP: 15/15
    16 | D        | Noticed a meat berserker
    19 | D        | Killed a meat berserker
    22 | D        | Reached XP level 16. HP: 72/161 MP: 16/16
    24 | D        | Killed a meat berserker
    25 | D        | Became a worshipper of Makhleb the Destroyer
    27 | D        | Reached * piety under Makhleb
    28 | D        | Reached skill level 27 in Fighting
    28 | D        | Noticed a destroyer
    28 | D        | Reached ** piety under Makhleb
    29 | D        | Gained mutation: When low on magic, you restore magic in
                  | place of health. [demonic ancestry]
    29 | D        | Reached XP level 17. HP: 54/174 MP: 17/17
    31 | D        | Noticed a sculptor of flesh
    31 | D        | Noticed a meat berserker
    31 | D        | Noticed The Servant
    33 | D        | Noticed a meat berserker
    34 | D        | Reached skill level 27 in Axes
    34 | D        | Reached skill level 27 in Armour
    34 | D        | Reached skill level 27 in Shields
    34 | D        | Reached skill level 10 in Invocations
    35 | D        | Noticed a meat berserker
    35 | D        | Noticed a destroyer
    36 | D        | Killed a sculptor of flesh
    36 | D        | Reached *** piety under Makhleb
    37 | D        | Noticed a destroyer
    39 | D        | Killed a meat berserker
    40 | D        | Reached XP level 18. HP: 161/182 MP: 21/35
    40 | D        | Noticed a meat berserker
    41 | D        | Killed a meat berserker
    41 | D        | Reached **** piety under Makhleb
    41 | D        | Killed a meat berserker
    41 | D        | Killed a destroyer
    42 | D        | Reached skill level 27 in Invocations
    42 | D        | Reached skill level 5 in Short Blades
    42 | D        | Reached skill level 5 in Long Blades
    42 | D        | Reached skill level 5 in Maces & Flails
    42 | D        | Reached skill level 5 in Polearms
    42 | D        | Reached skill level 5 in Staves
    42 | D        | Reached skill level 5 in Ranged Weapons
    42 | D        | Reached skill level 5 in Throwing
    42 | D        | Reached skill level 5 in Dodging
    42 | D        | Reached skill level 5 in Stealth
    42 | D        | Reached skill level 5 in Unarmed Combat
    42 | D        | Reached skill level 5 in Spellcasting
    42 | D        | Reached skill level 5 in Hexes
    42 | D        | Reached skill level 5 in Summonings
    42 | D        | Reached skill level 5 in Translocations
    42 | D        | HP: 4/182 [The Servant/+9 glaive of flaming (51)]
    43 | D        | Killed The Servant
    44 | D        | Reached XP level 19. HP: 5/189 MP: 1/36
    44 | D        | Killed a destroyer
    44 | D        | Reached ***** piety under Makhleb
    44 | D        | Noticed a meat berserker
    45 | D        | Noticed a meat berserker
    45 | D        | Noticed a destroyer
    45 | D        | Noticed a meat berserker
    46 | D        | Noticed a meat berserker
    47 | D        | Noticed an accursed
    47 | D        | Killed an accursed
    47 | D        | Killed a meat berserker
    48 | D        | Reached skill level 10 in Stealth
    48 | D        | Reached skill level 10 in Hexes
    48 | D        | Reached skill level 10 in Summonings
    48 | D        | Reached skill level 10 in Necromancy
    48 | D        | Reached skill level 10 in Transmutations
    48 | D        | Reached skill level 10 in Fire Magic
    48 | D        | Reached skill level 10 in Ice Magic
    48 | D        | Reached skill level 10 in Air Magic
    48 | D        | Reached skill level 10 in Earth Magic
    48 | D        | Gained mutation: You have a sharp stinger which inflicts
                  | weakening toxins. [demonic ancestry]
    48 | D        | Reached XP level 20. HP: 120/197 MP: 4/37
    48 | D        | Noticed an accursed
    48 | D        | Killed a meat berserker
    49 | D        | Noticed an accursed
    50 | D        | Killed a destroyer
    50 | D        | Noticed an accursed
    50 | D        | Noticed a meat berserker
    51 | D        | Reached skill level 10 in Short Blades
    51 | D        | Reached skill level 10 in Long Blades
    51 | D        | Reached skill level 10 in Maces & Flails
    51 | D        | Reached skill level 10 in Polearms
    51 | D        | Reached skill level 10 in Staves
    51 | D        | Reached skill level 10 in Ranged Weapons
    51 | D        | Reached skill level 10 in Throwing
    51 | D        | Reached skill level 10 in Dodging
    51 | D        | Reached skill level 10 in Unarmed Combat
    51 | D        | Reached skill level 10 in Spellcasting
    51 | D        | Reached skill level 10 in Translocations
    51 | D        | Killed a meat berserker
    53 | D        | Reached ****** piety under Makhleb
    54 | D        | Killed a meat berserker
    54 | D        | Killed a meat berserker
    54 | D        | Noticed a meat berserker
    54 | D        | Noticed a meat berserker
    55 | D        | Reached XP level 21. HP: 204/204 MP: 8/38
    56 | D        | Noticed a large bag of meat
    57 | D        | Noticed a tyrant
    58 | D        | Killed an accursed
    58 | D        | Killed an accursed
    59 | D        | Reached skill level 15 in Conjurations
    59 | D        | Reached skill level 15 in Necromancy
    59 | D        | Reached skill level 15 in Poison Magic
    59 | D        | Reached skill level 15 in Evocations
    59 | D        | Reached XP level 22. HP: 113/212 MP: 5/39
    59 | D        | Killed an accursed
    60 | D        | Reached skill level 15 in Stealth
    60 | D        | Reached skill level 15 in Hexes
    60 | D        | Reached skill level 15 in Summonings
    60 | D        | Reached skill level 15 in Transmutations
    60 | D        | Reached skill level 15 in Fire Magic
    60 | D        | Reached skill level 15 in Ice Magic
    60 | D        | Reached skill level 15 in Air Magic
    60 | D        | Reached skill level 15 in Earth Magic
    62 | D        | Gained mutation: You punish those that try to bend your
                  | will. (Will+) [demonic ancestry]
    62 | D        | Reached XP level 23. HP: 157/219 MP: 4/41
    62 | D        | Noticed a dread
    63 | D        | Reached skill level 15 in Short Blades
    63 | D        | Reached skill level 15 in Long Blades
    63 | D        | Reached skill level 15 in Maces & Flails
    63 | D        | Reached skill level 15 in Polearms
    63 | D        | Reached skill level 15 in Staves
    63 | D        | Reached skill level 15 in Ranged Weapons
    63 | D        | Reached skill level 15 in Throwing
    63 | D        | Reached skill level 15 in Dodging
    63 | D        | Reached skill level 15 in Unarmed Combat
    63 | D        | Reached skill level 15 in Spellcasting
    63 | D        | Reached skill level 15 in Translocations
    63 | D        | Noticed a dread
    64 | D        | Killed a destroyer
    64 | D        | Noticed a dread
    65 | D        | Killed a tyrant
    65 | D        | Noticed a meat beast
    66 | D        | HP: 8/219 [dread (4)]
    66 | D        | Killed a large bag of meat
    66 | D        | Killed a large bag of meat
    67 | D        | Killed a dread
    68 | D        | Slain by a meat beast

Illustrated notes

Levels and vault maps discovered:
D:        meatsprint

Skill      XL: |  1  2  3  4  5  6  7  8  9 10 11 12 13 14 15 16 17 18 19 20 21 22 23 |
---------------+----------------------------------------------------------------------+-----
Fighting       | 16 20 22 24 27 | 27.0
Axes           | 15 18 20 22 26 27 | 27.0
Armour         | 15 18 20 22 26 27 | 27.0
Shields        | 15 18 20 22 26 27 | 27.0
Invocations    | 26 27 | 27.0
Short Blades   | 6 9 11 13 14 16 | 16.3
Long Blades    | 6 9 11 13 14 16 | 16.3
Maces & Flails | 6 9 11 13 14 16 | 16.3
Polearms       | 6 9 11 13 14 16 | 16.3
Staves         | 6 9 11 13 14 16 | 16.3
Ranged Weapons | 6 9 11 13 14 16 | 16.3
Throwing       | 6 9 11 13 14 16 | 16.3
Dodging        | 6 9 11 13 14 16 | 16.3
Stealth        | 7 10 12 14 16 17 | 17.6
Unarmed Combat | 6 9 11 13 14 16 | 16.3
Spellcasting   | 6 9 11 13 14 16 | 16.3
Conjurations   | 8 11 13 15 17 19 | 19.5
Hexes          | 7 10 12 14 16 17 | 17.6
Summonings     | 7 10 12 14 16 17 | 17.6
Necromancy     | 7 10 13 15 17 19 | 19.1
Translocations | 6 9 11 13 14 16 | 16.3
Transmutations | 7 10 12 14 16 18 | 18.0
Fire Magic     | 7 10 12 14 16 18 | 18.0
Ice Magic      | 7 10 12 14 16 18 | 18.1
Air Magic      | 7 10 12 14 16 18 | 18.0
Earth Magic    | 7 10 12 14 16 18 | 18.1
Poison Magic   | 8 11 13 15 17 19 | 19.5
Evocations     | 8 11 13 15 17 19 | 19.5

Action                   |  1- 3 |  4- 6 |  7- 9 | 10-12 | 13-15 | 16-18 | 19-21 | 22-24 || total
-------------------------+-------+-------+-------+-------+-------+-------+-------+-------++-------
Melee: Executioner's axe |     1 |       |       |     1 |     5 |    12 |    10 |     7 ||    36
Invok: Minor Destruction |       |       |       |       |       |     2 |       |       ||     2
       Greater Servant o |       |       |       |       |       |       |       |     1 ||     1
  Use: Potion            |     2 |       |       |       |       |       |       |     1 ||     3
       Scroll            |     1 |       |       |       |       |       |       |       ||     1
Dodge: Dodged            |     1 |       |       |       |       |       |       |     2 ||     3

Table legend: (Time is in decaauts)
 A = Elapsed time spent in this place.
 B = Non-inter-level travel time spent in this place.
 C = Inter-level travel time spent in this place.
 D = Time resting spent in this place.
 E = Time spent auto-exploring this place.
 F = Levels seen in this place.
 G = Mean time per level.
                   A        B        C        D        E       F      G
               +--------+--------+--------+--------+--------+-----+--------+
         Total |     56 |     56 |      0 |      0 |      0 |   1 |   56.0 |
       Dungeon |     56 |     56 |      0 |      0 |      0 |   1 |   56.0 |
               +--------+--------+--------+--------+--------+-----+--------+

Top non-repeatable levels by time:
       D: 56 daAuts
